 Dungeon Crawl Stone Soup version 0.31.0-32-g396128a36d (webtiles) character file.

Game seed: 11068176648984896446

205146 arvianne the Ninja (level 19, -3/128 HPs)
             Began as a Kobold Brigand on Apr 9, 2024.
             Was a High Priest of Wu Jian.
             Slain by a goliath frog (34 damage)
             ... on level 4 of the Swamp on Apr 10, 2024.
             The game lasted 04:53:05 (37028 turns).

arvianne the Ninja (Kobold Brigand)                Turns: 37028, Time: 04:53:07

Health: -3/128     AC:  5    Str:  8    XL:     19   Next: 38%
Magic:  33/33      EV: 45    Int: 10    God:    Wu Jian [*****.]
Gold:   2940       SH:  0    Dex: 39    Spells: 34/38 levels left

rFire   + . .        a - +7 dagger (chaos)
rCold   + + .        N - orb of Nihilism {*channel, rPois Dex+6 Slay-3 Ice}
rNeg    + . .        q - +2 robe {rF+}
rPois   +            G - +2 hood of the Assassin {Detect Stab+ Stlth++}
rElec   +            V - +2 cloak {rCorr}
rCorr   +            r - +2 pair of gloves "Etruef" {rElec rC++ rN+ Str-4}
SInv    .            m - +0 pair of boots
Will    +....        k - amulet of the acrobat Stlth ****++++++
                     Q - ring of Vearph {rPois Dex+6}
HPRegen 0.41/turn    t - ring of flight
MPRegen 0.23/turn

%: acrobat, channel magic (20%)
@: exhausted, corroded, flying
A: small, no large weapons, nightstalker 3, agile 1, strong 1, inability to read
after injury 1
}: 1/15 runes: gossamer
a: Renounce Religion, Wall Jump, Serpent's Lash, Heavenly Storm


You were on level 4 of the Swamp.
You worshipped Wu Jian.
Wu Jian was extremely pleased with you.
You visited 6 branches of the dungeon, and saw 31 of its levels.
You also visited: Sewer and Ice Cave.

You collected 3502 gold pieces.
You spent 562 gold pieces at shops.

Inventory:

Hand Weapons
 a - a +7 dagger of chaos (weapon)
 j - the +6 arbalest of Qausaic {penet, rN+}
   (You found it on level 3 of the Swamp)

   rN+:       It protects you from negative energy.
 Z - a +3 orcbow of flaming
Missiles
 d - 38 poisoned darts
 e - a curare-tipped dart
 E - 2 datura-tipped darts
 L - 3 atropa-tipped darts (quivered)
Armour
 m - a +0 pair of boots (worn)
 q - a +2 robe of fire resistance (worn)
 r - the +2 pair of gloves "Etruef" (worn) {rElec rC++ rN+ Str-4}
   (You acquired it on level 3 of the Lair of Beasts)

   Str-4:     It affects your strength (-4).
   rC++:      It greatly protects you from cold.
   rElec:     It insulates you from electricity.
   rN+:       It protects you from negative energy.
 B - the orb of the Hairy God {*Rage, Rampage rN+ Dex+2}
   (You found it on level 4 of the Spider Nest)

   Dex+2:     It affects your dexterity (+2).
   rN+:       It protects you from negative energy.
   Rampage:   It bestows one free step when moving towards enemies.
 G - the +2 hood of the Assassin (worn) {Detect Stab+ Stlth++}
   (You found it on level 9 of the Dungeon)

   Detect:    It allows the wearer to sense nearby creatures.
   Stab+:     It allows the wearer to make particularly effective stabbing
   attacks against helpless or unaware enemies with any weapon.
   Stlth++:   It makes you much more stealthy.
 N - the orb of Nihilism (worn) {*channel, rPois Dex+6 Slay-3 Ice}
   (You found it on level 10 of the Dungeon)

   Dex+6:     It affects your dexterity (+6).
   Slay-3:    It affects your accuracy & damage with ranged weapons and melee
   (-3).
   rPois:     It protects you from poison Ice: It increases the power of your
   Ice spells.
 V - a +2 cloak of preservation (worn)
Jewellery
 c - a ring of see invisible
 i - an amulet of faith
 k - an amulet of the acrobat (around neck)
 l - a ring of wizardry
 o - a ring of protection from cold
 t - a ring of flight (right hand)
 w - a ring of positive energy
 C - a ring of willpower
 D - a +4 ring of protection
 I - a ring of protection from fire
 J - the amulet of Wis Jeha {^Contam Harm Will+ Regen+ Int+4}
   (You found it on level 5 of the Lair of Beasts)

   [amulet of regeneration]

   Int+4:     It affects your intelligence (+4).
   Will+:     It increases your willpower.
   ^Contam:   It causes magical contamination when unequipped.
   Regen+:    It increases your rate of health regeneration.
   Harm:      It increases damage dealt and taken.
 Q - the ring of Vearph (left hand) {rPois Dex+6}
   (You bought it in a shop on level 11 of the Dungeon)

   [ring of dexterity]

   Dex+6:     It affects your dexterity (+6).
   rPois:     It protects you from poison
Wands
 s - a wand of flame (74)
 F - a wand of polymorph (7)
 H - a wand of digging (6)
 O - a wand of mindburst (13)
 X - a wand of roots (23)
 Y - a wand of paralysis (3)
Scrolls
 h - 4 scrolls of butterflies
 p - 10 scrolls of teleportation
 x - 2 scrolls of amnesia
 y - a scroll of poison
 M - 3 scrolls of silence
 P - 3 scrolls of fear
 R - 17 scrolls of identify
 W - 2 scrolls of brand weapon
Potions
 b - 3 potions of lignification
 g - 9 potions of ambrosia
 S - 4 potions of brilliance
 T - a potion of berserk rage
Miscellaneous
 f - a phantom mirror (inert)
 n - a phial of floods
 z - a condenser vane
 U - a lightning rod (4/4)


   Skills:
 + Level 17.0 Fighting
 + Level 11.5 Short Blades
 - Level 2.6 Throwing
 + Level 18.3 Dodging
 O Level 27 Stealth
 * Level 10.0 Spellcasting
 * Level 10.0 Ice Magic


You had 34 spell levels left.
You knew the following spells:

 Your Spells              Type           Power      Damage    Failure   Level
a - Freeze                Ice            100%       1d10      2%          1
b - Ozocubu's Armour      Ice            37%        N/A       4%          3

Your spell library contained the following spells:

 Spells                   Type           Power      Damage    Failure   Level
 Ensorcelled Hibernation  Hex/Ice        44%        N/A       10%         2
 Sandblast                Erth           10%        2d5       32%         1
 Slow                     Hex            20%        N/A       32%         1
 Sting                    Conj/Alch      20%        1d4       32%         1
 Cigotuvi's Dreadful Rot  Necr/Alch/Air  10%        N/A       41%         2
 Mercury Vapours          Alch/Air       10%        N/A       41%         2
 Sublimation of Blood     Necr           5%         N/A       41%         2
 Confusing Touch          Hex            5%         N/A       61%         3
 Dazzling Flash           Conj/Hex       10%        N/A       61%         3
 Fugue of the Fallen      Necr           5%         N/A       61%         3
 Mephitic Cloud           Conj/Alch/Air  5%         N/A       61%         3
 Passwall                 Erth           5%         N/A       61%         3
 Sigil of Binding         Hex            5%         N/A       61%         3
 Stone Arrow              Conj/Erth      10%        3d7       61%         3
 Vampiric Draining        Necr           5%         2d6       61%         3
 Metabolic Englaciation   Hex/Ice        11%        N/A       65%         5
 Freezing Cloud           Conj/Ice/Air   8%         6-21      85%         5
 Anguish                  Hex/Necr       2%         N/A       92%         4
 Brom's Barrelling Bould  Conj/Erth      5%         2d3       92%         4
 Cause Fear               Hex            2%         N/A       92%         4
 Ignite Poison            Fire/Alch      5%         N/A       92%         4
 Leda's Liquefaction      Alch/Erth      2%         N/A       92%         4
 Olgreb's Toxic Radiance  Alch           5%         N/A       92%         4
 Petrify                  Alch/Erth      5%         N/A       92%         4
 Curse of Agony           Necr           5%         N/A       99%         5
 Fireball                 Conj/Fire      2%         3d4       99%         5
 Irradiate                Conj/Alch      2%         3d12      99%         5
 Lee's Rapid Deconstruct  Erth           2%         3d5*      99%         5
 Silence                  Hex/Air        2%         N/A       99%         5
 Sculpt Simulacrum        Ice/Alch       11%        N/A       99%         6
 Bombard                  Conj/Erth      2%         9d1       100%        6
 Enfeeble                 Hex            2%         N/A       100%        7
 Dragon's Call            Summ           2%         N/A       100%        9


Dungeon Overview and Level Annotations

Branches:
Dungeon (15/15)            Temple (1/1) D:6            Lair (5/5) D:8
  Swamp (4/4) Lair:3       Spider (4/4) Lair:3        Slime (0/5) Lair:4
    Orc (2/2) D:12            Elf (0/3) Orc:2        Vaults (0/5) D:14
 Depths (0/4) D:15          Sewer (visited)           IceCv (visited)

Altars:
Ashenzari
Cheibriados
Dithmenos
Elyvilon
Fedhas
Gozag
Hepliaklqana
Kikubaaqudgha
Makhleb
Nemelex Xobeh
Okawaru
Qazlal
Ru
Sif Muna
Trog
Uskayaw
Vehumet
Wu Jian
Xom
Yredelemnul
Zin
The Shining One
Jiyva
Lugonu

Shops:
D:9 *   D:11 =   D:13 !   D:14 :   Orc:2 :[=?

Annotations:
Spider:2 2 transporters, Volasum's ghost, journeyman MiBe


Innate Abilities, Weirdness & Mutations

You are small and have problems with some larger weapons.
You are completely attuned to the shadows.
You are agile. (Dex +4, Str/Int -1)
Your muscles are strong. (Str +4, Int/Dex -1)
You occasionally lose the ability to read scrolls when taking damage.


Message History

The goliath frog is heavily wounded.
The goliath frog hits you!
You are splashed with acid.
You resist.
You hit the goliath frog but do no damage.
The goliath frog flies into a frenzy!
The goliath frog is heavily wounded.
The goliath frog hits you!
You are splashed with acid.
You resist.
You hit the goliath frog but do no damage.
The goliath frog is severely wounded.
The goliath frog completely misses you.
You spin and attack the goliath frog repeatedly.
You barely miss the goliath frog.
The goliath frog is heavily wounded.
You miss the goliath frog.
The goliath frog is heavily wounded.
The goliath frog completely misses you. The goliath frog hits you!!
* * * LOW HITPOINT WARNING * * *
You are splashed with acid.
You resist.
* * * LOW HITPOINT WARNING * * *
Unknown command.
Okay, then.
Your muscles tense, ready for explosive movement...
Your supernatural speed expires.
The goliath frog attacks as it pursues you!
The goliath frog completely misses you.
The goliath frog attacks as it pursues you!
The goliath frog completely misses you. x2
The goliath frog attacks as it pursues you!
The goliath frog completely misses you. x2
The goliath frog completely misses you.
The goliath frog attacks as it pursues you!
The goliath frog completely misses you. x2
The goliath frog attacks as it pursues you!
The goliath frog completely misses you. The goliath frog closely misses you.
You lunge at the goliath frog, in a flurry of attacks.
You hit the goliath frog but do no damage.
The goliath frog is severely wounded.
You hit the goliath frog.
The goliath frog is severely wounded.
The goliath frog closely misses you. The goliath frog hits you!!
You die...

~.......~....~§~..~..~...§...~..~
~............~.~...~.~.~.....~...
~~.~..~~......~....~.~.....§.~~..
~..~..~..~.~~~.~...~.~..~.~.....~
....~~.......~.....§~.~§~..~...~.
.~.....§....~~...........~...~...
.~....~~~....~....§......~~~...~.
.....~...~.~.§.~...~~.~(..~.~...~
~.~...~.~.~....F@....~~~~..~.....
~..~.~.~~...~...♣.~..~...~~......
......~......~.~...~....~.....~..
..~~..~.~.~.........~.~.......~.~
..~.~~~.~....~.~§.....§....~~~.~.
..~....~.~.~~~~~~~~~~~.~...♣.~~.♣
~..~~~~~...~.....~.....~.~..♣.~~♣
♣♣.♣.♣.♣♣...♣.♣~~♣~~♣.~♣♣..♣♣♣~♣♣
♣♣♣♣♣♣♣♣♣♣♣♣♣♣♣♣♣♣♣♣♣♣♣♣♣♣♣ ♣♣♣


You could see a neutral goliath frog (fast, strong, frenzied, poisoned).

Vanquished Creatures
  Mara (Swamp:3)
  Nikola (Spider:2)
  Rupert (D:15)
  3 thorn hunters
  4 emperor scorpions (Spider:4)
  2 ghost moths (Spider:4)
  2 broodmothers
  A stone giant (D:15)
  Nessos (D:14)
  4 eleionomae
  2 dire elephants (Spider:2)
  3 bunyips
  A white draconian (Lair:4)
  5 spark wasps
  2 shambling mangroves
  An entropy weaver (shapeshifter) (D:13)
  2 entropy weavers (Spider:4)
  17 hydras
  A vault guard (D:14)
  4 radroaches
  2 ghost crabs
  A jorogumo (Spider:1)
  11 alligators
  6 centaur warriors
  3 two-headed ogres
  2 catoblepae
  An ogre mage (D:15)
  A death scarab (Spider:2)
  7 boulder beetles
  8 death yaks
  2 tengu warriors (D:15)
  10 demonic crawlers
  A deep elf knight (Spider:2)
  3 skysharks
  A skeletal warrior (D:14)
  3 goliath frogs
  3 pharaoh ants
  A spectral anaconda (Lair:5)
  Lodul (D:14)
  6 orb spiders
  A spectral death yak (Lair:5)
  13 bog bodies
  5 spriggan druids
  2 obsidian statues
  A flayed ghost (D:15)
  5 swamp dragons
  A deep elf archer (Spider:2)
  7 steelbarb worms
  A harpy (D:15)
  A sun moth (Spider:1)
  3 deep elf pyromancers
  3 orc knights (Orc:2)
  3 necromancers (Lair:5)
  A deep elf zephyrmancer (D:13)
  2 lindwurms
  10 ugly things
  An orc sorcerer (Orc:2)
  13 wolf spiders
  6 manticores
  A shining eye (D:15)
  An oklob plant (Lair:5)
  4 will-o-the-wisps
  6 cyclopes
  Maurice (D:12)
  3 moths of wrath
  4 meliai
  5 kobold blastminers (Orc:2)
  3 ice statues (IceCv)
  32 elephants
  A black mamba (Lair:5)
  A water nymph (Swamp:2)
  An orange demon (Spider:2)
  2 gargoyles
  3 torpor snails
  A cane toad (shapeshifter) (D:14)
  16 cane toads
  2 efreet
  A rime drake (shapeshifter) (D:13)
  7 kobold demonologists
  3 yaktaurs (D:15)
  12 komodo dragons
  4 tengu conjurers
  A freezing wraith (D:15)
  A red devil (Spider:1)
  2 polar bears
  2 bloated husks
  5 tyrant leeches
  8 trolls
  8 hornets
  13 blink frogs
  11 tarantellas
  A raiju (Spider:2)
  A glass eye (Lair:4)
  15 culicivoras
  9 slime creatures
  3 dire elephant simulacra
  6 spriggans
  19 jumping spiders
  3 shadows
  A spriggan (shapeshifter) (D:15)
  2 wraiths
  2 vampires
  33 yaks
  Eustachio (D:6)
  A water elemental (D:13)
  3 basilisks
  A steam dragon (D:6)
  A death yak simulacrum (Lair:5)
  22 vampire mosquitoes
  41 redbacks
  A spectral cane toad (Lair:5)
  Edmund (D:6)
  11 swamp worms
  A naga (Orc:1)
  4 acid dragons
  8 swamp drakes
  10 water moccasins
  27 orc warriors
  4 sky beasts
  3 black bears
  5 laughing skulls
  12 ogres
  A boggart (D:13)
  17 centaurs
  A crocodile (Sewer)
  9 wolves
  An elephant zombie (Lair:5)
  2 phantoms
  11 bullfrogs
  3 gnoll sergeants
  2 kobold brigands (D:13)
  3 cane toad simulacra
  2 scorpions
  6 wights
  3 elephant simulacra
  3 electric eels
  12 howler monkeys
  A hound (shapeshifter) (D:14)
  9 orc priests
  A bombardier beetle (D:5)
  3 hounds
  A jelly (D:6)
  A sleepcap (D:8)
  A gnoll bouda (D:6)
  18 orc wizards
  5 iguanas
  2 wolf simulacra (IceCv)
  19 gnolls
  3 adders
  2 shadow imps (D:6)
  2 white imps
  2 ufetubi (D:6)
  2 dart slugs
  A ribbon worm (D:3)
  70 orcs
  5 bats
  6 endoplasms
  5 giant cockroaches
  6 goblins
  7 hobgoblins
  7 jackals
  2 quokkas
  7 ball pythons
  4 frilled lizards
  10 kobolds
  11 rats
916 creatures vanquished.

Vanquished Creatures (collateral kills)
  the Lernaean hydra (Swamp:3)
  An elephant (Lair:5)
  A yak (Lair:2)
  A death yak simulacrum (Lair:5)
  A wolf (Lair:5)
5 creatures vanquished.

Vanquished Creatures (others)
  A goliath frog (Swamp:1)
  A wolf spider zombie (Spider:1)
  An elephant (Lair:5)
  An unseen horror (D:11)
  2 bloated husks
  A jumping spider (Lair:3)
  An elf zombie (Spider:2)
  A redback (Lair:3)
  A skyshark zombie (Lair:5)
  4 orc warriors
  3 centaurs
  An elephant simulacrum (Lair:5)
  An orc zombie (Orc:2)
  An orc (Orc:2)
  6 foxfires (Swamp:4)
26 creatures vanquished.

Grand Total: 947 creatures vanquished

Notes
Turn   | Place    | Note
-------+----------+-------------------------------------------
     0 | D:1      | arvianne the Kobold Brigand began the quest for the Orb.
     0 | D:1      | Reached XP level 1. HP: 12/12 MP: 1/1
   243 | D:1      | Reached XP level 2. HP: 18/18 MP: 2/2
   559 | D:1      | Reached XP level 3. HP: 19/22 MP: 3/3
   875 | D:2      | Found a faded altar of an unknown god.
  1668 | D:3      | Reached XP level 4. HP: 24/27 MP: 4/4
  1749 | D:3      | Reached skill level 6 in Stealth
  2064 | D:3      | Gained mutation: You occasionally lose the ability to read
                  | scrolls when taking damage. [potion of mutation]
  2064 | D:3      | Gained mutation: You are agile. (Dex +4, Str/Int -1)
                  | [potion of mutation]
  2090 | D:3      | Found a glowing drain.
  2098 | Sewer    | Entered a sewer
  2233 | Sewer    | Noticed a crocodile
  2242 | Sewer    | Killed a crocodile
  2243 | Sewer    | Reached XP level 5. HP: 32/32 MP: 5/5
  2581 | D:3      | Reached XP level 6. HP: 37/37 MP: 6/6
  2816 | D:4      | Reached skill level 7 in Stealth
  2823 | D:4      | Reached skill level 5 in Short Blades
  2956 | D:4      | Reached XP level 7. HP: 32/41 MP: 7/7
  2998 | D:4      | Found a blossoming altar of Fedhas.
  3090 | D:4      | Reached skill level 8 in Stealth
  3227 | D:5      | Entered Level 5 of the Dungeon
  3526 | D:5      | Found a bloodstained altar of Trog.
  3777 | D:5      | Reached XP level 8. HP: 26/48 MP: 8/8
  4264 | D:6      | Noticed Edmund
  4268 | D:6      | Killed Edmund
  4269 | D:6      | Reached skill level 9 in Stealth
  4386 | D:6      | Found a staircase to the Ecumenical Temple.
  4387 | D:6      | Found a shadowy altar of Dithmenos.
  4399 | D:6      | Found a basalt altar of Yredelemnul.
  4450 | D:6      | Reached skill level 5 in Fighting
  4513 | D:6      | Reached skill level 10 in Stealth
  4636 | D:6      | Reached skill level 5 in Dodging
  4636 | D:6      | Reached XP level 9. HP: 41/54 MP: 9/9
  4788 | Temple   | Entered the Ecumenical Temple
  4832 | Temple   | Became a worshipper of the Wu Jian Council
  5040 | D:6      | Noticed Eustachio
  5043 | D:6      | Killed Eustachio
  5375 | D:7      | Reached skill level 11 in Stealth
  6007 | D:8      | Reached skill level 10 in Short Blades
  6007 | D:8      | Reached XP level 10. HP: 40/60 MP: 10/10
  6018 | D:8      | Reached skill level 12 in Stealth
  6135 | D:8      | Found an opulent altar of Gozag.
  6209 | D:8      | Reached * piety under Wu Jian
  6235 | D:8      | Found a staircase to the Lair.
  6978 | D:9      | Reached skill level 13 in Stealth
  7177 | D:9      | Found the +2 hood of the Assassin {Detect Stab+ Stlth++}
  7288 | D:9      | Found Qyudoniu's General Store.
  7294 | D:9      | Bought a scroll of enchant weapon for 90 gold pieces
  7529 | D:10     | Entered Level 10 of the Dungeon
  7572 | D:10     | Reached ** piety under Wu Jian
  7585 | D:10     | Reached skill level 14 in Stealth
  7702 | D:10     | Noticed a two-headed ogre
  7706 | D:10     | Killed a two-headed ogre
  7707 | D:10     | Reached XP level 11. HP: 68/68 MP: 11/11
  7764 | D:10     | Identified the orb of Nihilism {*channel, rPois Dex+6
                  | Slay-3 Ice}
  8169 | D:11     | Reached skill level 15 in Stealth
  8328 | D:11     | Noticed a two-headed ogre
  8331 | D:11     | Killed a two-headed ogre
  8334 | D:11     | Found Coocun's Jewellery Boutique.
  8350 | D:11     | Bought the ring of Vearph {rPois Dex+6} for 472 gold pieces
  8504 | D:11     | Found a corrupted altar of Lugonu.
  8510 | D:11     | Reached skill level 16 in Stealth
  8585 | D:11     | Noticed a deep elf pyromancer
  8592 | D:11     | Killed a deep elf pyromancer
  8694 | D:11     | Reached XP level 12. HP: 40/76 MP: 12/12
  8701 | D:11     | Reached skill level 17 in Stealth
  8832 | D:11     | Reached *** piety under Wu Jian
  9071 | D:12     | Reached skill level 10 in Dodging
  9084 | D:12     | Found a staircase to the Orcish Mines.
  9147 | D:12     | Noticed a boulder beetle
  9150 | D:12     | Killed a boulder beetle
  9160 | D:12     | Noticed a two-headed ogre
  9195 | D:12     | Found a broken altar of Ashenzari.
  9196 | D:12     | Killed a two-headed ogre
  9236 | D:12     | Reached skill level 18 in Stealth
  9238 | D:12     | Reached skill level 10 in Fighting
  9576 | D:12     | Noticed Maurice
  9580 | D:12     | Killed Maurice
  9733 | D:13     | Found Kifrujig's Distillery.
  9997 | D:13     | Reached skill level 19 in Stealth
 10149 | D:13     | Reached XP level 13. HP: 83/83 MP: 13/13
 10250 | D:13     | Noticed an entropy weaver
 10254 | D:13     | Killed an entropy weaver
 10686 | D:13     | Noticed a centaur warrior
 10689 | D:13     | Killed a centaur warrior
 10765 | D:13     | Reached skill level 20 in Stealth
 11102 | D:14     | Found Moceps's Book Boutique.
 11795 | Lair:1   | Entered Level 1 of the Lair of Beasts
 11953 | Lair:1   | Reached **** piety under Wu Jian
 12133 | Lair:1   | Reached skill level 21 in Stealth
 12807 | Lair:2   | Found a frozen archway.
 12825 | Lair:2   | Reached XP level 14. HP: 81/92 MP: 14/14
 13036 | IceCv    | Entered an ice cave
 13165 | IceCv    | Got Sif Muna's Folio of Hoarfrost
 13404 | Lair:2   | Reached skill level 22 in Stealth
 14020 | Lair:3   | Noticed an eleionoma
 14084 | Lair:3   | Killed an eleionoma
 14100 | Lair:3   | Found a staircase to the Swamp.
 14144 | Lair:3   | Reached ***** piety under Wu Jian
 14517 | Lair:3   | Identified a scroll of acquirement
 14518 | Lair:3   | Acquired the +2 pair of gloves "Etruef" {rElec rC++ rN+
                  | Str-4}
 14593 | Lair:3   | Found a hole to the Spider Nest.
 15142 | Lair:3   | Reached skill level 23 in Stealth
 15452 | Lair:4   | Found a sparkling altar of Nemelex Xobeh.
 15927 | Lair:4   | Reached XP level 15. HP: 72/99 MP: 15/15
 16208 | Lair:4   | Found a viscous altar of Jiyva.
 16208 | Lair:4   | Found a staircase to the Slime Pits.
 16706 | Lair:5   | Entered Level 5 of the Lair of Beasts
 17623 | Lair:5   | Reached skill level 24 in Stealth
 17946 | Lair:5   | Found a blossoming altar of Fedhas.
 18825 | Lair:5   | Reached skill level 15 in Dodging
 19226 | Lair:5   | Identified the amulet of Wis Jeha {^Contam Harm Will+
                  | Regen+ Int+4}
 19757 | Orc:1    | Entered Level 1 of the Orcish Mines
 20249 | Orc:2    | Entered Level 2 of the Orcish Mines
 20251 | Orc:2    | Found a staircase to the Elven Halls.
 20269 | Orc:2    | Reached skill level 25 in Stealth
 20307 | Orc:2    | Reached XP level 16. HP: 90/107 MP: 16/16
 20925 | Orc:2    | Found Dilal's Jewellery Emporium.
 20925 | Orc:2    | Found Zueps's Antique Armour Boutique.
 20925 | Orc:2    | Found Cuiqe's Book Shop.
 20926 | Orc:2    | Found Wupessin's Magic Scroll Shoppe.
 21093 | Orc:2    | Learned a level 1 spell: Freeze
 21816 | D:14     | Noticed Lodul
 21818 | D:14     | Reached skill level 1 in Ice Magic
 21820 | D:14     | Killed Lodul
 21821 | D:14     | Reached skill level 1 in Spellcasting
 22180 | D:14     | Learned a level 3 spell: Ozocubu's Armour
 22269 | D:14     | Noticed Nessos
 22272 | D:14     | Killed Nessos
 22906 | D:14     | Found a gate to the Vaults.
 23073 | D:15     | Entered Level 15 of the Dungeon
 23089 | D:15     | Found an ancient bone altar of Kikubaaqudgha.
 23375 | D:15     | Found a staircase to the Depths.
 23406 | D:15     | Noticed Rupert
 23409 | D:15     | Killed Rupert
 23410 | D:15     | Reached skill level 15 in Fighting
 23410 | D:15     | Reached skill level 26 in Stealth
 23801 | D:15     | Reached ****** piety under Wu Jian
 23830 | D:15     | Gained mutation: Your muscles are strong. (Str +4, Int/Dex
                  | -1) [a shining eye]
 24555 | Spider:1 | Entered Level 1 of the Spider Nest
 25347 | Spider:1 | Reached XP level 17. HP: 93/113 MP: 22/22
 27723 | Spider:2 | You fall into a shaft and drop 1 floor!
 27912 | Spider:2 | Noticed Nikola
 27916 | Spider:2 | Killed Nikola
 28171 | Spider:2 | Reached skill level 5 in Spellcasting
 28171 | Spider:2 | Reached skill level 5 in Ice Magic
 28176 | Spider:2 | Reached skill level 27 in Stealth
 28886 | Spider:2 | Found a transporter.
 28888 | Spider:2 | Noticed Volasum's ghost (journeyman MiBe)
 28900 | Spider:2 | Found a transporter.
 29443 | Spider:4 | Entered Level 4 of the Spider Nest
 30531 | Spider:4 | HP: 1/115 [disintegration (40)]
 31060 | Spider:4 | Reached XP level 18. HP: 66/120 MP: 10/27
 31553 | Spider:4 | Identified the orb of the Hairy God {*Rage, Rampage rN+
                  | Dex+2}
 31625 | Spider:4 | Got a gossamer rune of Zot
 32173 | Swamp:1  | Entered Level 1 of the Swamp
 34361 | Swamp:3  | Noticed Mara
 34365 | Swamp:3  | Killed Mara
 34370 | Swamp:3  | Identified the +6 arbalest of Qausaic {penet, rN+}
 34799 | Swamp:4  | Entered Level 4 of the Swamp
 35054 | Swamp:4  | Reached XP level 19. HP: 122/127 MP: 32/32
 35560 | Swamp:4  | Noticed the 27-headed Lernaean hydra
 36135 | Swamp:3  | Killed the 27-headed Lernaean hydra
 36729 | Swamp:4  | Reached skill level 10 in Spellcasting
 36729 | Swamp:4  | Reached skill level 10 in Ice Magic
 37028 | Swamp:4  | Slain by a goliath frog

Illustrated notes

Levels and vault maps discovered:
D:1:      minmay_arrival_up_and_down, layout_rooms, nicolae_figureground_sparkle
D:2:      layout_basic, basic_ecumenical_altar
D:3:      minmay_spotlight, layout_basic, portal_sewer_entry_e,
          minmay_liquid_box, st_stairs_1
D:4:      layout_rooms, mainiacjoe_overflow_catwalk
D:5:      layout_gridville, mainiacjoe_overflow_cross_hatched
D:6:      layout_rooms, mainiacjoe_overflow_catwalk_spiral,
          minmay_temple_entry_glassed_door, uniq_eustachio, uniq_edmund
D:7:      layout_loops_ring
D:8:      layout_basic, lemuel_doored_altar, lair_entry_dummy
D:9:      layout_cave_pools, serial_shops, shop
D:10:     layout_cave_pools, corexii_corridor_pit
D:11:     kennysheep_kobold_lugonu_temple, layout_cave_pools, serial_shops,
          shop, minmay_joined_circles
D:12:     layout_rooms, orc_0_dummy, serial_curves, eino_curves_02,
          eino_curves_02, ashenzari_altar_1, uniq_maurice
D:13:     minmay_cornered_nines, layout_loops_corners, serial_shops,
          nicolae_shop_stone, fountainhead, kennysheep_minor_cross
D:14:     layout_basic, david_vaults_5, hangedman_decor_slide_cut,
          nicolae_stop_n_shop_2, minmay_statue_bubble, uniq_lodul, uniq_nessos
D:15:     grunt_enter_depths_snipers, layout_irregular_city,
          kiku_gazebo_garden_becter, minmay_shattered_shrine, uniq_rupert
Temple:   bh_familiar_temple
Lair:1:   layout_cave_shapes, st_stairs_11, serial_bayou_shore_a
Lair:2:   layout_loops_ring, serial_bayou, serial_bayou_lake_a,
          serial_bayou_pond_b, serial_bayou_pond_e, serial_bayou_pond_d,
          portal_ice_cave_entry_pillars_1, infiniplex_staircase_pool_2,
          lemuel_fruit_fields
Lair:3:   layout_cave_shapes, alex1729_swamp_entry_worm_eleionoma,
          spider_nest_entry_a, serial_bayou_shore_b
Lair:4:   layout_roguey, slime_entry_1, lemuel_centaur_altar
Lair:5:   due_jungle_book, layout_concentric_octagons, st_stairs_9, tgw_fedhas
Swamp:1:  layout_basic_swamp, hangedman_swamp_pad, swamp_pool_3
Swamp:2:  layout_basic_swamp, nicolae_swamp_well_well_well, swamp_pool_3,
          nicolae_swamp_nymph_family_reunion
Swamp:3:  layout_basic_swamp, serial_swamp_ruin, evilmike_swamp_ruin_house_5,
          evilmike_swamp_ruin_wall, uniq_mara
Swamp:4:  grunt_swamp_rune_castle, layout_basic_swamp
Spider:1: layout_chambers, drop_trap, nicolae_crawler_farm
Spider:2: nicolae_spider_hilbert_zone_5 [nicolae_spider_hilbert_3_sides_1_open,
          nicolae_spider_hilbert_4_sides_1_open,
          nicolae_spider_hilbert_4_sides_1_open,
          nicolae_spider_hilbert_6_sides_1_open,
          nicolae_spider_hilbert_6_sides_1_open], gammafunk_ghost_arena,
          beargit_elvish_explorers, uniq_nikola
Spider:3: layout_spider_delve
Spider:4: guppyfry_spider_rune
Orc:1:    layout_caves, basic_altar, nicolae_orc_sculptors_studio
Orc:2:    st_orc_rangers, layout_caves

Skill      XL: |  1  2  3  4  5  6  7  8  9 10 11 12 13 14 15 16 17 18 19 |
---------------+----------------------------------------------------------+-----
Short Blades   | 3 4 5 6 8 10 11 | 11.5
Dodging        | 2 3 4 5 6 8 9 11 12 14 15 16 17 18 | 18.3
Stealth        | 6 7 8 10 11 14 16 19 21 23 25 26 27 | 27.0
Fighting       | 3 4 5 6 7 9 10 12 13 14 15 16 17 | 17.0
Ice Magic      | 3 6 9 10 | 10.0
Spellcasting   | 3 6 9 10 | 10.0
Throwing       | |  2.6

Action                     |  1- 3 |  4- 6 |  7- 9 | 10-12 | 13-15 | 16-18 | 19-21 || total
---------------------------+-------+-------+-------+-------+-------+-------+-------++-------
  Melee: Dagger            |    83 |   161 |   252 |   583 |  2221 |  1944 |   309 ||  5553
         Punch             |     3 |     1 |     5 |     6 |       |       |       ||    15
  Throw: Dart              |       |     4 |       |       |    10 |    18 |     5 ||    37
 Invoke: Serpent's Lash    |       |       |       |       |     4 |    15 |     6 ||    25
         Heavenly Storm    |       |       |       |       |     1 |       |     1 ||     2
Ability: Lunge             |       |       |     8 |    63 |   122 |   166 |    19 ||   378
         Whirlwind         |       |       |       |    52 |   207 |   149 |    47 ||   455
  Evoke: Wand              |       |       |       |       |       |     1 |     1 ||     2
         Phantom mirror    |       |       |       |       |       |       |     1 ||     1
    Use: Potion            |       |     3 |     1 |     2 |     7 |    20 |     2 ||    35
         Scroll            |       |     9 |     8 |     5 |     8 |    10 |     3 ||    43
   Stab: Sleeping          |    17 |    15 |    21 |    52 |    77 |   156 |     7 ||   345
         Distracted        |     1 |       |     2 |     4 |    21 |    23 |     4 ||    55
         Confused          |       |       |     3 |     6 |    25 |    29 |     7 ||    70
         Petrifying        |       |       |       |     4 |     7 |    14 |     1 ||    26
         Paralysed         |       |       |       |     1 |     6 |    10 |     1 ||    18
         Invisible         |       |       |       |     2 |    11 |     4 |       ||    17
         Petrified         |       |       |       |       |     1 |     1 |       ||     2
         Held in net/web   |       |       |       |       |       |     1 |     1 ||     2
 Armour: Robe              |    29 |    73 |    66 |   118 |   207 |   348 |   153 ||   994
         Skin              |       |       |     4 |       |       |       |       ||     4
  Dodge: Dodged            |    43 |   145 |   150 |   444 |  1520 |  2210 |   743 ||  5255
